 Dungeon Crawl Stone Soup version 0.13-a0-2557-g7ea0453 (console) character file.

693 Kellhus the Cudgeler (level 6, -19/46 HPs)
             Began as a Mummy Chaos Knight on July 29, 2013.
             Was a Plaything of Xom.
             Killed by an exploding ball lightning (32 damage)
             ... on Level 4 of the Dungeon.
             The game lasted 00:06:16 (3668 turns).

Kellhus the Cudgeler (Mummy Chaos Knight)           Turns: 3668, Time: 00:06:18

HP -19/46        AC 11     Str 17      XL: 6   Next: 81%
MP   6/6         EV  6     Int 11      God: Xom
Gold 227         SH  0     Dex 11      Spells:  0 memorised,  5 levels left

Res.Fire  : x . .   See Invis. : .   m - +0 orc flail (curse)
Res.Cold  : + . .   Warding    : .   c - +0 elf chain mail
Life Prot.: + + +   Conserve   : .   (no shield)
Res.Poison: +       Res.Corr.  : .   (no helmet)
Res.Elec. : .       Clarity    : .   (no cloak)
Sust.Abil.: . .     Spirit.Shd : .   (no gloves)
Res.Mut.  : .       Stasis     : .   h - +2 pair of boots
Res.Rott. : +       Flight     : .   (no amulet)
Saprovore : . . .                    (no ring)
                                     (no ring)

@: somewhat resistant to hostile enchantments, extremely unstealthy
A: no food or potions, fire vulnerability, restore body, cold resistance 1, life
protection 3, poison resistance, torment resistance, unbreathing
a: Renounce Religion


You were on level 4 of the Dungeon.
You worshipped Xom.
You were a favourite toy of Xom.
You were not hungry.

You visited 1 branch of the dungeon, and saw 4 of its levels.

You collected 207 gold pieces.

Inventory:

Hand weapons
 a - a +0,+0 mace of chaos
 m - a cursed +0,+0 orcish flail (weapon)
 n - a -1,+1 orcish flail
Armour
 b - a +2 leather armour
 c - a +0 elven chain mail (worn)
 h - a +2 pair of boots (worn)
Magical devices
 o - a wand of polymorph (10) {unknown}
Scrolls
 d - a scroll of magic mapping {unknown}
 e - a scroll of fear {unknown}
 f - 2 scrolls of identify {unknown}
 g - a scroll of curse armour {unknown}
 i - a scroll of recharging {unknown}
 j - 3 scrolls of random uselessness {unknown}
 k - a scroll of enchant weapon II {unknown}
 l - 2 scrolls of fog {unknown}


   Skills:
 - Level 3.0 Fighting
 + Level 6.4 Maces & Flails
 - Level 1.5 Armour
 - Level 0.7 Dodging


You had 5 spell levels left.
You didn't know any spells.

Dungeon Overview and Level Annotations

Branches:
Dungeon (4/27)
 Temple: D:4-7

Altars:
Ashenzari
Elyvilon
Fedhas
Makhleb
the Shining One

Annotations
D:3 foonesh's ghost, average DsTm
D:4 exclusion: inept item mimic


Innate Abilities, Weirdness & Mutations

You do not eat or drink.
Your flesh is vulnerable to fire.
Your flesh is cold resistant.
You are immune to negative energy.
Your system is resistant to poisons.
You are immune to unholy pain and torment.
You can survive without breathing.


Message History

You create some ball lightning!
The orc wizard hits you but does no damage.
You swap places.
Your ball lightning explodes!
The blast of lightning engulfs the orc wizard.
You kill the orc wizard!
The blast of lightning engulfs your ball lightning.
Your ball lightning completely resists.
The blast of lightning engulfs you!
Ouch! That really hurt!
The blast of lightning engulfs your ball lightning.
Your ball lightning completely resists.
The blast of lightning engulfs your ball lightning.
Your ball lightning completely resists.
Unknown command.
Your ball lightning explodes!
The blast of lightning engulfs you!
Ouch! That really hurt!
You die...
Xom chortles!

#####
.....o.########################
....oo.o.o.....................
##########o#############.######
#.#...........#.#.....
#o#*####.####.#.#.####
#.#..@.#.#....#.#....#
#.####.####.#.#.####.####.#
#........)%.#.#...........#
#############.#############
.................)......
........................
########.......########
#.....[.# # #.......# #


You could see a friendly ball lightning.

Vanquished Creatures
  A black bear (D:3)
  A phantom (D:3)
  A centaur zombie (D:4)
  A hound (D:2)
  3 orc wizards
  A scorpion (D:4)
  3 adders
  3 gnolls (D:4)
  A giant mite (D:4)
  An adder skeleton (D:4)
  2 giant geckos
  2 oozes
  8 orcs
  3 ball pythons (D:3)
  10 bats
  4 giant cockroaches
  7 hobgoblins
  2 quokkas (D:3)
  6 giant newts
  8 goblins
  9 kobolds
  4 rats
81 creatures vanquished.

Vanquished Creatures (collateral kills)
  A ball lightning (D:4)
  An orc (D:3)
2 creatures vanquished.

Grand Total: 83 creatures vanquished

Notes
Turn   | Place    | Note
--------------------------------------------------------------
     0 | D:1      | Kellhus, the Mummy Chaos Knight, began the quest for the Orb.
     0 | D:1      | Reached XP level 1. HP: 16/16 MP: 1/1
   384 | D:1      | Reached XP level 2. HP: 20/22 MP: 2/2
   664 | D:1      | XOM: cast spell 'Summon Butterflies'
   787 | D:2      | XOM: harmless Hex miscast
   965 | D:2      | XOM: enchant monster (good)
   972 | D:2      | Reached XP level 3. HP: 25/28 MP: 3/3
  1007 | D:2      | XOM: divination: detect items
  1148 | D:2      | XOM: silly message
  1237 | D:2      | Found a white marble altar of Elyvilon.
  1691 | D:2      | Found a glowing golden altar of the Shining One.
  1697 | D:2      | Found a burning altar of Makhleb.
  1700 | D:2      | Found a shattered altar of Ashenzari.
  1729 | D:3      | XOM: confuse monster(s)
  1740 | D:2      | XOM: divination: detect creatures
  1751 | D:2      | Reached skill level 4 in Maces & Flails
  1751 | D:2      | Reached XP level 4. HP: 18/34 MP: 4/4
  1861 | D:2      | XOM: divination: detect creatures
  1907 | D:3      | XOM: harmless Summ miscast
  2180 | D:3      | Noticed a black bear
  2180 | D:3      | a worm changed into a black bear
  2186 | D:3      | XOM: confuse monster(s)
  2194 | D:3      | Killed a black bear
  2194 | D:3      | Reached skill level 5 in Maces & Flails
  2194 | D:3      | Reached XP level 5. HP: 32/39 MP: 5/5
  2348 | D:3      | Found a blossoming altar of Fedhas.
  2525 | D:3      | Noticed foonesh's ghost (average DsTm)
  2691 | D:3      | XOM: mild Divn miscast
  2694 | D:3      | Noticed a phantom
  2699 | D:3      | XOM: divination: detect creatures
  2741 | D:3      | XOM: summons friendly ufetubus
  2756 | D:3      | Killed a phantom
  2756 | D:3      | Reached XP level 6. HP: 18/46 MP: 6/6
  2905 | D:3      | XOM: harmless Chrm miscast
  2968 | D:4      | XOM: divination: detect creatures
  3001 | D:3      | XOM: cast spell 'Flight'
  3064 | D:4      | XOM: mild Trmt miscast
  3198 | D:4      | XOM: mild Summ miscast
  3223 | D:4      | Reached skill level 6 in Maces & Flails
  3664 | D:4      | XOM: cast spell 'Conjure Ball Lightning'
  3668 | D:4      | Killed by an exploding ball lightning

Action                   |  1- 3 |  4- 6 || total
-------------------------+-------+-------++-------
Melee: Mace              |   123 |   124 ||   247
       Flail             |       |    86 ||    86
  Use: Scroll            |     1 |       ||     1
 Stab: Petrified         |     1 |     3 ||     4
       Petrifying        |     1 |       ||     1
       Paralysed         |     4 |     1 ||     5
